 Dungeon Crawl Stone Soup version 0.22-a0-538-g76cc104 (webtiles) character file.

2452 inc the Chiller (level 9, -2/62 HPs)
             Began as an Octopode Ice Elementalist on June 23, 2018.
             Was an Initiate of Gozag.
             Slain by a crocodile (11 damage)
             ... on level 7 of the Dungeon.
             The game lasted 00:20:36 (9947 turns).

inc the Chiller (Octopode Ice Elementalist)         Turns: 9947, Time: 00:20:37

Health: -2/62      AC:  1    Str:  7    XL:     9   Next: 50%
Magic:  6/18       EV: 13    Int: 21    God:    Gozag
Gold:   322        SH:  0    Dex: 12    Spells: 8/20 levels left

rFire    . . .     SeeInvis .   a - +1 short sword (drain)
rCold    . . .     Gourm    .   (no shield)
rNeg     . . .     Faith    .   (helmet restricted)
rPois    +         Spirit   .   (no amulet)
rElec    .         Reflect  .   t - ring of poison resistance
rCorr    .         Harm     .   (no ring)
MR       .....                  (no ring)
Stlth    ++........             (no ring)
HPRegen  0.20/turn              (no ring)
MPRegen  0.16/turn              (no ring)
                                (no ring)
                                (no ring)

@: glowing
A: almost no armour, stealthy swim, amphibious, 8 rings, constrict 8, camouflage
1, gelatinous body 1
a: Potion Petition, Call Merchant, Bribe Branch, Renounce Religion


You were on level 7 of the Dungeon.
You worshipped Gozag.
Gozag was aware of your devotion.
You were not hungry.

You visited 2 branches of the dungeon, and saw 9 of its levels.

You collected 1099 gold pieces.
You paid 777 gold pieces to Gozag.

Inventory:

Hand Weapons
 a - a +1 short sword of draining (weapon)
 s - a +0 mace of protection
 x - a +1 flail of protection
Jewellery
 p - an uncursed amulet of faith
 t - a ring of poison resistance (left tentacle)
Wands
 m - a wand of flame (50)
 A - a wand of iceblast (6)
Scrolls
 b - a scroll of enchant armour
 d - a scroll of amnesia {unknown}
 g - 2 scrolls of teleportation {unknown}
 h - 2 scrolls of fog {unknown}
 i - 2 scrolls of enchant weapon
 k - 2 scrolls of immolation
 l - a scroll of fear {unknown}
 o - a scroll of magic mapping {unknown}
 q - a scroll of blinking
 v - 4 scrolls of remove curse
 y - a scroll of torment {unknown}
Potions
 e - a potion of curing
 f - 2 potions of degeneration
 j - a potion of haste {unknown}
 n - a potion of flight
 r - 2 potions of lignification
 u - a potion of cancellation {unknown}
 w - a potion of resistance {unknown}
 B - a potion of agility {unknown}
 C - a potion of mutation {unknown}
Comestibles
 c - 7 rations


   Skills:
 - Level 5.9 Fighting
 - Level 2.0 Dodging
 - Level 2.6 Stealth
 + Level 6.3 Spellcasting
 - Level 1.3 Conjurations
 - Level 5.1 Summonings
 - Level 7.5 Ice Magic


You had 8 spell levels left.
You knew the following spells:

 Your Spells              Type           Power        Failure   Level  Hunger
a - Freeze                Ice            ####         1%          1    None
b - Ozocubu's Armour      Chrm/Ice       ###.....     6%          3    #......
c - Summon Ice Beast      Ice/Summ       ####....     7%          4    ###....
d - Throw Icicle          Conj/Ice       ####....     16%         4    ###....

Your spell library contained the following spells:

 Spells                   Type           Power        Failure   Level  Hunger
 Throw Frost              Conj/Ice       ####..       2%          2    None


Dungeon Overview and Level Annotations

Branches:
Dungeon (8/15)             Temple (1/1) D:4
   Lair: D:8-11

Altars:
Cheibriados
Dithmenos
Elyvilon
Fedhas
Gozag
Hepliaklqana
Kikubaaqudgha
Makhleb
Nemelex Xobeh
Okawaru
Qazlal
Ru
Sif Muna
Trog
Uskayaw
Vehumet
Wu Jian
Xom
Yredelemnul
Zin
The Shining One

Shops:
D:4 [   D:7 =

Annotations:
D:4 3 runed doors, Goblin1989's ghost, amateur OpFE


Innate Abilities, Weirdness & Mutations

You cannot wear most types of armour.
You are very stealthy in the water. (Stealth+)
You are amphibious.
You can wear up to eight rings at the same time.
You can use your tentacles to constrict eight enemies at once.
Your skin changes colour to match your surroundings (Stealth+).
Your rubbery body absorbs attacks. (AC +1, EV +1)


Message History

Unknown command.
Your icy armour cracks and falls away as you move.
You see here a whip.
The gnoll sergeant hits you from afar with a spear of venom.
* * * LOW HITPOINT WARNING * * *
Your ice beast barely misses the gnoll sergeant.
The gnoll sergeant hits your ice beast with a spear of venom.
Your ice beast hits the gnoll sergeant but does no damage.
The gnoll sergeant hits your ice beast with a spear of venom!
Your ice beast hits the gnoll sergeant but does no damage.
The gnoll sergeant closely misses your ice beast.
Your ice beast hits the gnoll sergeant.
Your ice beast freezes the gnoll sergeant!
Your ice beast hits the gnoll.
Your ice beast freezes the gnoll!
The gnoll hits your ice beast with a short sword!
Casting: Summon Ice Beast (safe; 7% risk of failure)
Confirm with . or Enter, or press ? or * to list all spells.
A chill wind blows around you. The crocodile bites you!
You die...
Your body crumbles into a pile of gold.

.............#####......#....##..
.##..............................
.....#.......######..............
.##....................>g..#..#..
......................)Y#........
###..#.......#.####..#g..........
.....#.#.........................
...............####..#..#.##.#...
##...#.#........@tY..............
#....#.#.......####..#..#.##.#...
#....#.#.......####..#...........
g....#.#.........##..#..#.##.#...
#(#..#...........................
#.#..#.#.......#..............#..
.........................###.##..
.................................
...................##....###.....


You could see a crocodile and a friendly ice beast.

Vanquished Creatures
  4 sky beasts
  3 orc warriors
  2 ogres
  A centaur (D:6)
  A bullfrog (D:5)
  2 howler monkeys (D:4)
  A crimson imp (D:6)
  2 quasits (D:5)
  A gnoll shaman (D:8)
  An orc priest (D:6)
  A bullfrog skeleton (D:6)
  4 hounds
  7 orc wizards
  2 iguanas
  Natasha (thrice) (D:2)
  4 worker ants
  A killer bee zombie (D:5)
  A hound skeleton (D:6)
  6 gnolls
  7 adders
  2 shadow imps
  An ooze (D:6)
  An adder zombie (D:6)
  2 worms (D:3)
  4 dart slugs
  5 leopard geckos
  29 orcs
  3 giant cockroaches
  8 goblins
  6 hobgoblins
  10 jackals
  6 kobolds
  5 quokkas
  A ball python (D:4)
  4 bats
  3 frilled lizards
  A leopard gecko zombie (D:5)
  9 rats
154 creatures vanquished.

Vanquished Creatures (collateral kills)
  A two-headed ogre (D:8)
  An ice beast (D:6)
  2 ogres
  4 orcs (D:6)
  A jackal (D:6)
9 creatures vanquished.

Grand Total: 163 creatures vanquished

Notes
Turn   | Place    | Note
-------+----------+-------------------------------------------
     0 | D:1      | inc the Octopode Ice Elementalist began the quest for the Orb.
     0 | D:1      | Reached XP level 1. HP: 11/11 MP: 3/3
   205 | D:1      | Reached XP level 2. HP: 17/17 MP: 5/5
  1107 | D:2      | Reached skill level 4 in Ice Magic
  1138 | D:2      | Noticed Natasha
  1144 | D:2      | Killed Natasha
  1144 | D:2      | Reached XP level 3. HP: 10/21 MP: 2/6
  1332 | D:2      | Found a snail-covered altar of Cheibriados.
  1534 | D:2      | Noticed Natasha
  1547 | D:2      | Killed Natasha
  1547 | D:2      | Reached skill level 5 in Ice Magic
  1547 | D:2      | Reached XP level 4. HP: 27/27 MP: 5/7
  1821 | D:2      | Noticed Natasha
  1832 | D:2      | Killed Natasha
  2103 | D:2      | Found an ancient bone altar of Kikubaaqudgha.
  2260 | D:3      | Reached XP level 5. HP: 28/31 MP: 5/8
  2966 | D:3      | Reached skill level 6 in Ice Magic
  3479 | D:4      | Found a staircase to the Ecumenical Temple.
  3487 | Temple   | Entered the Ecumenical Temple
  3540 | Temple   | Became a worshipper of Gozag Ym Sagoz the Greedy
  3581 | D:4      | Reached XP level 6. HP: 28/36 MP: 3/9
  3593 | D:4      | Learned a level 3 spell: Ozocubu's Armour
  3598 | D:4      | Learned a level 4 spell: Summon Ice Beast
  3650 | D:4      | Found a runed gate.
  3672 | D:4      | Found a radiant altar of Vehumet.
  3893 | D:4      | Found a white marble altar of Elyvilon.
  4449 | D:4      | Reached XP level 7. HP: 29/41 MP: 6/12
  4721 | D:4      | Found a runed gate.
  4721 | D:4      | Found a runed gate.
  4721 | D:4      | Noticed Goblin1989's ghost (amateur OpFE)
  4777 | D:4      | Found Ageycsin's Antique Armour Emporium.
  4843 | D:5      | Entered Level 5 of the Dungeon
  5419 | D:5      | Found a burning altar of Makhleb.
  5419 | D:5      | Found a sparkling altar of Nemelex Xobeh.
  5515 | D:4      | Reached skill level 5 in Spellcasting
  5703 | D:5      | Reached skill level 1 in Summonings
  5789 | D:5      | Found a faded altar of an unknown god.
  5794 | D:5      | Found a faded altar of an unknown god.
  5796 | D:5      | Found an ornate altar of the Wu Jian Council.
  6297 | D:6      | Reached XP level 8. HP: 8/46 MP: 7/15
  6708 | D:6      | Reached skill level 7 in Ice Magic
  7127 | D:6      | Reached skill level 5 in Summonings
  7193 | D:6      | Reached skill level 1 in Fighting
  7921 | D:6      | Reached XP level 9. HP: 28/59 MP: 7/16
  8204 | D:6      | Found a radiant altar of Vehumet.
  8436 | D:7      | Reached skill level 5 in Fighting
  9121 | D:7      | Learned a level 4 spell: Throw Icicle
  9469 | D:8      | Noticed a two-headed ogre
  9478 | D:8      | Killed a two-headed ogre
  9947 | D:7      | Slain by a crocodile

Vault maps used:
D:1:      minmay_arrival_solitary_statue, hangedman_abyss_or_decor_lesser_grid
D:2:      marbit_many_paths, nicolae_overflow_crystal_walls, first_ration,
          uniq_natasha
D:4:      nicolae_overflow_hidden_temple, minmay_temple_entry_glassed_door,
          serial_shops, kennysheep_mini_moat, gammafunk_ghost_necromancy,
          vehumet_altar_wand_db
D:5:      chequers_temple_overflow_minitemple
D:6:      kennysheep_mini, kennysheep_another_room
D:8:      minmay_separated_statues, ashenzari_altar_1, basic_altar
Temple:   zaba_magenta_temple

Skill      XL: |  1  2  3  4  5  6  7  8  9 |
---------------+----------------------------+-----
Ice Magic      | 4 5 6 7 |  7.5
Spellcasting   | 3 5 6 |  6.3
Summonings     | 3 5 |  5.1
Fighting       | 4 5 |  5.9
Dodging        | |  2.0
Stealth        | |  2.6
Conjurations   | |  1.3

Action                   |  1- 3 |  4- 6 |  7- 9 || total
-------------------------+-------+-------+-------++-------
Melee: Unarmed           |     8 |       |       ||     8
       Constrict         |     9 |    26 |    33 ||    68
       Tentacles         |     5 |    12 |    26 ||    43
       Short sword       |    23 |    82 |    67 ||   172
       Mace              |       |       |    33 ||    33
       Flail             |       |       |    28 ||    28
 Cast: Freeze            |    12 |    57 |   127 ||   196
       Ozocubu's Armour  |       |     3 |    15 ||    18
       Summon Ice Beast  |       |       |    19 ||    19
       Throw Icicle      |       |       |     2 ||     2
Invok: Call Merchant     |       |       |     1 ||     1
  Use: Scroll            |       |     6 |     4 ||    10
       Potion            |       |       |     7 ||     7
 Stab: Sleeping          |     4 |     5 |     6 ||    15
       Distracted        |       |       |     1 ||     1
  Eat: Chunk             |     2 |     6 |       ||     8
       Ration            |       |     2 |     6 ||     8
Armor: Skin              |     5 |    11 |    60 ||    76
Dodge: Dodged            |    25 |    80 |   199 ||   304

Table legend:
 A = Spawn XP
 B = Non-spawn XP
 C = Spawn XP percentage of total XP
 D = Spawn monster count
 E = Non-spawn monster count
 F = Spawn count percentage of total count
 G = Total turns spent on level
                    A         B        C        D         E        F      G
               +---------+---------+-------+---------+---------+-------+---------
         Total |       0 |    3504 |   0.0 |       0 |     163 |   0.0 |  9947
               +---------+---------+-------+---------+---------+-------+---------
           D:1 |       0 |      26 |   0.0 |       0 |      12 |   0.0 |  1093
           D:2 |       0 |     127 |   0.0 |       0 |      17 |   0.0 |  1112
           D:3 |       0 |     122 |   0.0 |       0 |      31 |   0.0 |  1289
           D:4 |       0 |     428 |   0.0 |       0 |      26 |   0.0 |  1378
           D:5 |       0 |     428 |   0.0 |       0 |      13 |   0.0 |  1564
           D:6 |       0 |    1276 |   0.0 |       0 |      43 |   0.0 |  1912
           D:7 |       0 |     603 |   0.0 |       0 |      17 |   0.0 |  1271
           D:8 |       0 |     494 |   0.0 |       0 |       4 |   0.0 |   247
               +---------+---------+-------+---------+---------+-------+---------
